 Dungeon Crawl Stone Soup version 0.28-a0-1182-g381e24db82 (webtiles) character file.

Game seed: 3190347306968340647

103 ChaosChampion the Insei (level 4, -1/28 HPs)
             Began as an Octopode Transmuter on Dec 17, 2021.
             Slain by an orc priest (7 damage)
             ... on level 3 of the Dungeon.
             The game lasted 00:05:38 (2776 turns).

ChaosChampion the Insei (Octopode Transmuter)       Turns: 2776, Time: 00:05:39

Health: -1/28      AC:  1    Str:  9    XL:     4   Next: 79%
Magic:  7/7        EV: 13    Int: 17    God:
Gold:   108        SH:  0    Dex: 12    Spells: 2/8 levels left

rFire   . . .      SeeInvis .     - Unarmed
rCold   . . .      Faith    .   (no shield)
rNeg    . . .      Spirit   .   (helmet restricted)
rPois   .          Reflect  .   (no amulet)
rElec   .          Harm     .   (no ring)
rCorr   .          Rampage  .   (no ring)
Will    .....                   (no ring)
Stlth   ++........              (no ring)
HPRegen 0.09/turn               (no ring)
MPRegen 0.10/turn               (no ring)
                                (no ring)
                                (no ring)

@: confused
A: almost no armour, amphibious, 8 rings, camouflage 1, gelatinous body 1,
(nimble swimmer 1), tentacles
a: no special abilities


You were on level 3 of the Dungeon.
You visited 1 branch of the dungeon, and saw 3 of its levels.

You collected 108 gold pieces.

Inventory:

Scrolls
 a - a scroll of magic mapping {unknown}
 b - a scroll of vulnerability {unknown}
 f - a scroll of identify {unknown}
 g - a scroll of brand weapon {unknown}
 i - a scroll of enchant weapon {unknown}
Potions
 c - a potion of ambrosia {unknown}
 d - a potion of haste {unknown}
 e - a potion of lignification {unknown}
 h - a potion of curing {unknown}
 j - a potion of berserk rage {unknown}


   Skills:
 - Level 1.0 Fighting
 - Level 2.0 Dodging
 + Level 4.0 Unarmed Combat
 * Level 2.6 Spellcasting
 + Level 2.9 Transmutations
 * Level 1.9 Poison Magic


You had 2 spell levels left.
You knew the following spells:

 Your Spells              Type           Power      Damage    Failure   Level
a - Beastly Appendage     Tmut           24%        N/A       5%          1
b - Wereblood             Tmut           12%        N/A       9%          2
c - Spider Form           Tmut/Pois      10%        N/A       21%         3

Your spell library contained the following spells:

 Spells                   Type           Power      Damage    Failure   Level
 Ice Form                 Ice/Tmut       7%         N/A       69%         4


Dungeon Overview and Level Annotations

Branches:
Dungeon (3/15)

Altars:

Shops:
D:1 =


Innate Abilities, Weirdness & Mutations

You cannot wear most types of armour.
You are amphibious.
You can wear up to eight rings at the same time.
Your skin changes colour to match your surroundings (Stealth+).
Your rubbery body absorbs attacks. (AC +1, EV +1)
((You are camouflaged near water. (Stealth+)))
You have tentacles for arms and can constrict up to eight enemies at once.


Message History

You tentacle-slap the orc.
You kill the orc!
You tentacle-slap something but do no damage.
Your tentacle spike misses something.
The orc priest calls down the wrath of Beogh upon you.
Something writhes in agony!
Something barely misses you.
You tentacle-slap something.
You pierce something.
Your squeeze misses something.
You hear some strange, mumbled words.
You are confused.
You are too confused!
You are too confused!
You are too confused!
You are too confused!
You are too confused!
You are too confused!
You are too confused!
You are too confused!
You are too confused!
You're too confused to cast spells.
You bump into the rock wall.
Something hits you.
You're too confused to move!
Something hits you.
You bump into the rock wall.
You hear some strange, mumbled words.
A magic dart appears from out of thin air!
The magic dart hits you!
You miss something. You squeeze something.
Reactivating autopickup.
You feel a bit more experienced.
You're too confused to move!
Your tentacle spike disappears.
The orc priest hits you with a +0 hand axe.
* * * LOW HITPOINT WARNING * * *
You barely miss the orc priest. You squeeze the orc priest.
The orc priest is lightly wounded.
The orc priest casts a cantrip, but nothing happens.
You tentacle-slap the orc priest. Your squeeze misses the orc priest.
The orc priest is moderately wounded.
The orc priest hits you with a +0 hand axe!
You die...

######### #.......#
#.####..#
##.####..##
#.........# .
#..##[....# ...
#.........#####...##
#.......#...@oo.....
#.#.##.#########.#..
#.#.##.# #......#
###.#### #.# #.# #.#
#.#


You could see an orc priest and an orc.

Vanquished Creatures
  An orc wizard (D:3)
  2 adders (D:2)
  A worm (D:2)
  3 dart slugs (D:2)
  2 orcs (D:3)
  4 endoplasms (D:1)
  4 giant cockroaches
  3 goblins
  5 hobgoblins
  7 jackals
  4 quokkas
  6 ball pythons
  5 bats
  5 frilled lizards
  6 kobolds
  A rat (D:1)
59 creatures vanquished.

Notes
Turn   | Place    | Note
-------+----------+-------------------------------------------
     0 | D:1      | ChaosChampion the Octopode Transmuter began the quest for
                  | the Orb.
     0 | D:1      | Reached XP level 1. HP: 13/13 MP: 3/3
   119 | D:1      | Reached XP level 2. HP: 18/18 MP: 3/5
   122 | D:1      | Learned a level 2 spell: Wereblood
   549 | D:1      | Found Puitogea's Jewellery Shoppe.
   857 | D:1      | Reached XP level 3. HP: 23/23 MP: 0/6
   866 | D:1      | Learned a level 3 spell: Spider Form
  1902 | D:2      | Reached skill level 4 in Unarmed Combat
  1902 | D:2      | Reached skill level 1 in Poison Magic
  1902 | D:2      | Reached XP level 4. HP: 28/28 MP: 3/7
  2776 | D:3      | Slain by an orc priest

Illustrated notes

Levels and vault maps discovered:
D:1:      wander_arrival_lonely_grave, layout_loops_corners, serial_shops,
          nicolae_shop_hallway_plus, serial_glass, glass_columns_a,
          glass_columns_b, minmay_strange_pillars, due_unseen_surprise,
          minmay_strange_pillars
D:2:      layout_basic, dk_noncrumbling_3
D:3:      cheibrodos_helix_gallery, layout_loops_cross

Skill      XL: |  1  2  3 |
---------------+----------+-----
Unarmed Combat | 4 |  4.0
Poison Magic   | 1 |  1.9
Fighting       | |  1.0
Dodging        | |  2.0
Spellcasting   | |  2.6
Transmutations | |  2.9

Action                   |  1- 3 |  4- 6 || total
-------------------------+-------+-------++-------
Melee: Unarmed           |    86 |    38 ||   124
       Constrict         |    18 |     8 ||    26
       Tentacles         |    11 |     3 ||    14
       Kick              |    13 |    10 ||    23
       Punch             |     1 |     1 ||     2
 Cast: Beastly Appendage |    19 |     7 ||    26
       Wereblood         |    13 |     2 ||    15
       Spider Form       |     3 |     1 ||     4
 Stab: Sleeping          |     7 |     2 ||     9
Armor: Skin              |     7 |     6 ||    13
Dodge: Dodged            |    63 |    32 ||    95

Table legend: (Time is in decaauts)
 A = Elapsed time spent in this place.
 B = Non-inter-level travel time spent in this place.
 C = Inter-level travel time spent in this place.
 D = Time resting spent in this place.
 E = Time spent auto-exploring this place.
 F = Levels seen in this place.
 G = Mean time per level.
                   A        B        C        D        E       F      G
               +--------+--------+--------+--------+--------+-----+--------+
         Total |   2768 |   2734 |     34 |      0 |   2318 |   3 |  922.7 |
       Dungeon |   2768 |   2734 |     34 |      0 |   2318 |   3 |  922.7 |
               +--------+--------+--------+--------+--------+-----+--------+

Top non-repeatable levels by time:
     D:1: 1368 daAuts
     D:2: 1198 daAuts
     D:3: 201 daAuts
